 Dungeon Crawl Stone Soup version 0.29-a0-414-g5075937ec3 (webtiles) character file.

Game seed: 3844174865838015793

168 Bruhh the Skirmisher (level 5, -2/34 HPs)
             Began as a Gargoyle Fighter on May 15, 2022.
             Slain by Sigmund
             ... wielding a +0 scythe
              (3 damage)
             ... on level 3 of the Dungeon.
             The game lasted 00:02:29 (2592 turns).

Bruhh the Skirmisher (Gargoyle Fighter)             Turns: 2592, Time: 00:02:30

Health: -2/34      AC: 11    Str: 22    XL:     5   Next: 49%
Magic:  5/5        EV:  9    Int:  8    God:
Gold:   167        SH:  4    Dex:  9    Spells: 4/4 levels left

rFire   . . .      SeeInvis .   a - +0 flail
rCold   . . .      Faith    .   c - +0 buckler
rNeg    + . .      Spirit   .   b - +0 scale mail
rPois   ∞          Reflect  .   (no helmet)
rElec   +          Harm     .   (no cloak)
rCorr   .          Rampage  .   (no gloves)
Will    .....                   (no boots)
Stlth   ..........              (no amulet)
HPRegen 0.11/turn               (no ring)
MPRegen 0.09/turn               (no ring)

@: mighty, attractive
A: sickness immunity, AC +4, negative energy resistance 1, electricity
resistance, torment resistance 1, petrification resistance
a: no special abilities


You were on level 3 of the Dungeon.
You visited 1 branch of the dungeon, and saw 3 of its levels.

You collected 167 gold pieces.

Inventory:

Hand Weapons
 a - a +0 flail (weapon)
Armour
 b - a +0 scale mail (worn)
 c - a +0 buckler (worn)
Jewellery
 k - an amulet of faith
Wands
 m - a wand of mindburst (22)
Scrolls
 i - a scroll of blinking {unknown}
 j - a scroll of enchant weapon {unknown}
 n - a scroll of vulnerability {unknown}
 o - a scroll of magic mapping {unknown}
Potions
 d - a potion of might
 e - 2 potions of cancellation {unknown}
 f - 2 potions of attraction
 g - 2 potions of flight {unknown}
 h - a potion of curing {unknown}
 l - a potion of resistance {unknown}
 p - 2 potions of berserk rage {unknown}
 q - a potion of heal wounds {unknown}


   Skills:
 + Level 4.7 Fighting
 - Level 2.0 Maces & Flails
 + Level 4.6 Armour
 + Level 4.6 Shields


You had 4 spell levels left.
You didn't know any spells.
Your spell library was empty.

Dungeon Overview and Level Annotations

Branches:
Dungeon (3/15)

Altars:

Annotations:
D:3 Sigmund


Innate Abilities, Weirdness & Mutations

You are immune to sickness and miasma.
Your stone body is resilient. (AC +4)
You are immune to poison.
You resist negative energy. (rN+)
You are resistant to electric shocks. (rElec)
You are resistant to unholy torment.
You are immune to petrification.


Message History

The ball python bites you but does no damage.
The ball python closely misses you. Something hits you!
You see here a scroll labelled QUTUWY XYIHUNG.
You barely miss the ball python. Something hits you but does no damage.
You block the ball python's attack. x2
You sock the ball python!
You kill the ball python!
Something hits you!
You closely miss the hobgoblin. The hobgoblin barely misses you.
Something hits you.
The hobgoblin hits you but does no damage.
You bludgeon the hobgoblin!!
You kill the hobgoblin!
Something hits you.
You barely miss the orc. The orc closely misses you.
Something hits you but does no damage. The orc hits you but does no damage.
You completely miss the orc. The orc hits you but does no damage.
You block the orc's attack.
You thump the orc!
You kill the orc!
Something hits you.
* * * LOW HITPOINT WARNING * * *
You see here a +0 club.
Something hits you but does no damage.
You see here a scroll labelled QUTUWY XYIHUNG.
You closely miss something. Something hits you.
* * * LOW HITPOINT WARNING * * *
You closely miss something. Something hits you but does no damage.
You closely miss something.
You hear some strange, mumbled words.
A puff of flame appears from out of thin air!
The puff of flame misses you.
You miss something. Something hits you!
* * * LOW HITPOINT WARNING * * *
It was a potion of attraction.
You feel attractive to monsters. Something hits you.
You die...

#......####.#.##.#..#
#.#
#.###...............#
#.# ##.####.#.##.#..#
#.#
#.####.##.#.#..###.#
##.............)....#
#...............#####
#.#####.#.#####.# #.
#)#.## #.# #. #@{..#
#.# #. ###..# #.# ..#
#.# ).# #.# ... ....
..... ......


There were no monsters in sight!

Vanquished Creatures
  A scorpion (D:2)
  2 adders (D:2)
  A gnoll (D:1)
  A worm (D:3)
  5 dart slugs
  2 orcs (D:3)
  3 endoplasms (D:2)
  2 giant cockroaches
  5 hobgoblins
  11 jackals (D:2)
  7 kobolds
  A quokka (D:1)
  5 ball pythons
  3 bats
  3 frilled lizards
  9 goblins
  6 rats
67 creatures vanquished.

Notes
Turn   | Place    | Note
-------+----------+-------------------------------------------
     0 | D:1      | Bruhh the Gargoyle Fighter began the quest for the Orb.
     0 | D:1      | Reached XP level 1. HP: 14/14 MP: 1/1
   117 | D:1      | Reached XP level 2. HP: 19/19 MP: 2/2
   311 | D:1      | Reached XP level 3. HP: 14/24 MP: 3/3
  1162 | D:2      | Noticed a scorpion
  1187 | D:2      | Killed a scorpion
  1188 | D:2      | Reached XP level 4. HP: 16/30 MP: 4/4
  1605 | D:2      | Reached XP level 5. HP: 24/34 MP: 5/5
  2568 | D:3      | Noticed Sigmund
  2591 | D:3      | HP: 1/34 [something (7)]
  2592 | D:3      | Slain by Sigmund

Illustrated notes

Levels and vault maps discovered:
D:1:      ncdulo_halloftheorcs, layout_basic
D:2:      layout_loops_corners, kennysheep_generic_room_6
D:3:      layout_loops_ring, uniq_sigmund

Skill      XL: |  1  2  3 |
---------------+----------+-----
Fighting       | 4 |  4.7
Armour         | 4 |  4.6
Shields        | 4 |  4.6
Maces & Flails | |  2.0

Action                   |  1- 3 |  4- 6 || total
-------------------------+-------+-------++-------
Melee: Flail             |    94 |   128 ||   222
  Use: Potion            |       |     2 ||     2
Armor: Scale mail        |    58 |    90 ||   148
Dodge: Dodged            |    37 |    68 ||   105
Block: Buckler           |    17 |    39 ||    56

Table legend: (Time is in decaauts)
 A = Elapsed time spent in this place.
 B = Non-inter-level travel time spent in this place.
 C = Inter-level travel time spent in this place.
 D = Time resting spent in this place.
 E = Time spent auto-exploring this place.
 F = Levels seen in this place.
 G = Mean time per level.
                   A        B        C        D        E       F      G
               +--------+--------+--------+--------+--------+-----+--------+
         Total |   2666 |   2535 |    131 |      0 |   2052 |   3 |  888.7 |
       Dungeon |   2666 |   2535 |    131 |      0 |   2052 |   3 |  888.7 |
               +--------+--------+--------+--------+--------+-----+--------+

Top non-repeatable levels by time:
     D:2: 1279 daAuts
     D:1: 979 daAuts
     D:3: 408 daAuts
